 Dungeon Crawl Stone Soup version 0.24-a0-381-g637bb3806f (webtiles) character file.

Game seed: 9925741299949813495

42 kidcy the Cudgeler (level 3, 0/29 HPs)
             Began as a Demonspawn Monk on June 3, 2019.
             Slain by an adder (1 damage)
             ... on level 2 of the Dungeon.
             The game lasted 00:02:29 (1609 turns).

kidcy the Cudgeler (Demonspawn Monk)                Turns: 1609, Time: 00:02:30

Health: 0/29       AC:  6    Str: 10 (12) XL:     3   Next: 33%
Magic:  0/3        EV:  9    Int:  8 (11) God:
Gold:   59         SH:  0    Dex: 13 (15) Spells: 2/2 levels left

rFire    . . .     SeeInvis .   a - +0 mace
rCold    + . .     Gourm    .   (no shield)
rNeg     . . .     Faith    .   k - +0 scale mail
rPois    .         Spirit   +   (no helmet)
rElec    .         Reflect  .   b - scarf {Spirit}
rCorr    .         Harm     .   (no gloves)
MR       .....                  (no boots)
Stlth    ..........             (no amulet)
HPRegen  0.09/turn              (no ring)
MPRegen  0.08/turn              (no ring)

@: lethally poisoned (0 -> -7)
A: cold resistance 1
a: no special abilities


You were on level 2 of the Dungeon.
You were hungry.

You visited 1 branch of the dungeon, and saw 2 of its levels.

You collected 59 gold pieces.

Inventory:

Hand Weapons
 a - a +0 mace (weapon)
Armour
 b - a scarf of spirit shield (worn)
 f - a +0 buckler
 k - a +0 scale mail (worn)
Scrolls
 g - a scroll of enchant weapon {unknown}
 i - 2 scrolls of remove curse {unknown}
 j - a scroll of amnesia {unknown}
 l - a scroll of teleportation {unknown}
 m - a scroll of enchant armour {unknown}
Comestibles
 c - 3 rations


   Skills:
 + Level 3.3 Fighting
 * Level 3.5 Maces & Flails
 + Level 1.1 Armour
 - Level 2.6 Dodging
 - Level 1.7 Stealth
 + Level 0.0 Shields


You had 2 spell levels left.
You didn't know any spells.
Your spell library was empty.

Dungeon Overview and Level Annotations

Branches:
Dungeon (2/15)

Altars:
Makhleb
Ru


Innate Abilities, Weirdness & Mutations

Your flesh is cold resistant. (rC+)


Message History

You closely miss the adder.
The adder is almost dead.
* * * LOW HITPOINT WARNING * * *
You feel sick. The adder bites you but does no damage.
Your scale mail prevents you from hitting the adder.
The adder is almost dead.
* * * LOW HITPOINT WARNING * * *
You feel sick.
The adder bites you but does no damage. x2
You barely miss the adder.
The adder is almost dead.
You are feeling hungry.
* * * LOW HITPOINT WARNING * * *
You feel sick. The adder bites you.
* * * LOW HITPOINT WARNING * * *
The adder bites you.
* * * LOW HITPOINT WARNING * * *
You hit the adder.
The adder is almost dead.
The adder bites you.
You die...

#.........# # #.##
#.###.###.## #.#. # #.#
#..########.#.
#..###'###....>...##.#.
#..###_+..........##...
#..###'###........####.
# #.# #........# #.
#..###.###........# #.
#....S@...........# #.
#.#...#####.......####.
#.#.##.............##
.._..##..[....##.##.##
###.####.##.#..##.##.##
.. ...........##.## ##
#.#.....##.##.##
#.......##......
#......รท......##


You could see an adder.

Vanquished Creatures
  2 leopard geckos
  4 bats (D:1)
  5 giant cockroaches
  3 goblins (D:1)
  6 hobgoblins (D:1)
  2 jackals (D:1)
  4 frilled lizards
  6 kobolds (D:1)
  7 rats (D:1)
39 creatures vanquished.

Notes
Turn   | Place    | Note
-------+----------+-------------------------------------------
     0 | D:1      | kidcy the Demonspawn Monk began the quest for the Orb.
     0 | D:1      | Reached XP level 1. HP: 18/18 MP: 1/1
   408 | D:1      | Gained mutation: Your flesh is cold resistant. (rC+)
                  | [demonic ancestry]
   408 | D:1      | Reached XP level 2. HP: 24/24 MP: 2/2
   901 | D:1      | Reached skill level 1 in Armour
   940 | D:1      | Reached XP level 3. HP: 26/29 MP: 3/3
  1569 | D:2      | Found a sacrificial altar of Ru.
  1574 | D:2      | Found a burning altar of Makhleb.
  1608 | D:2      | HP: 1/29 [adder (2)]
  1609 | D:2      | Slain by an adder

Levels and vault maps discovered:
D:1:      onia_arrival_larder, layout_basic, minivault_24,
          minmay_misc_feat_enclosed, kennysheep_doodads
D:2:      layout_loops_cross, lemuel_doored_altar, lemuel_crystal_altar,
          grunt_temple_overflow_open, minmay_joined_circles

Skill      XL: |  1  2 |
---------------+-------+-----
Maces & Flails | 3 |  3.5
Armour         | 1 |  1.1
Fighting       | |  3.3
Dodging        | |  2.6
Stealth        | |  1.7

Action                   || total
-------------------------++-------
Melee: Mace              ||   154
  Use: Potion            ||     4
 Stab: Sleeping          ||     1
  Eat: Chunk             ||     2
Armor: Ring mail         ||    30
       Robe              ||     2
       Scale mail        ||    42
Dodge: Dodged            ||   130

Table legend:
 A = Non-vault XP
 B = Vault XP
 C = Vault XP percentage of total XP
 D = Non-vault monster count
 E = Vault monster count
 F = Vault count percentage of total count
                 A         B        C        D         E       F
            +---------+---------+-------+---------+---------+-------
      Total |      54 |       6 |  10.0 |      33 |       6 |  15.4
            +---------+---------+-------+---------+---------+-------
        D:1 |      48 |       6 |  11.1 |      30 |       6 |  16.7
        D:2 |       6 |       0 |   0.0 |       3 |       0 |   0.0
            +---------+---------+-------+---------+---------+-------
